AoeStats
← 711WasAPartTimeJob

Fortress

509332217Analyzed
4v4 RM · 5d ago on Sep 26, 2026· 43m 56s· 8 players
Game mode
Random Map
Map size
Huge
Population
200
Speed
Normal
Resources
Standard
Victory
Conquest
Starting age
Dark Age
Ending age
Imperial Age
RankedLock teamsTeams togetherTeam positionsShared explorationLock speedFull tech treeHidden civsTurbo modeCheats
Victory
Defeat
🇺🇸 Saracens · United States
1019
+16
🇺🇸 Teutons · United States
1000
+17
🇺🇸 Slavs · United States
999
+17
🇺🇸 Varangians · United States
916
+19
🇦🇺 Varangians · Australia
1056
-19
🇪🇸 Georgians · Spain
1036
-18
🇦🇺 Vikings · Australia
1007
-17
🇬🇧 Mongols · United Kingdom
956
-26
ShardMuggleNew
7:57 Feudal Age
12:09 Castle Age
10:15 Horse Collar
12:02 Loom
12:11 Double-Bit Axe
13:18 Bow Saw
14:00 Heavy Plow
16:36 Scale Barding Armor
17:27 Forging
18:09 Bloodlines
20:39 Iron Casting
21:25 Wheelbarrow
23:09 Hand Cart
24:26 Gold Mining
24:42 Stone Mining
26:43 Gold Shaft Mining
29:30 Imperial Age
26:48 Town Watch
28:44 Chain Barding Armor
28:14 Fletching
30:49 Conscription
31:06 Hoardings
30:46 Caravan
33:14 Two-Man Saw
33:07 Plate Barding Armor
33:34 Blast Furnace
32:32 Bodkin Arrow
32:30 Elite Mameluke
32:37 Elite Mameluke
34:42 Coinage
35:36 Chemistry
37:40 Banking
38:01 Bracer
38:02 Padded Archer Armor
38:13 Siege Engineers
38:19 Masonry
38:29 Ballistics
38:05 Murder Holes
38:21 Fortified Wall
CovertSpy
7:16 Feudal Age
8:00 Double-Bit Axe
7:57 Horse Collar
14:02 Castle Age
13:06 Wheelbarrow
14:57 Loom
15:42 Husbandry
16:13 Forging
19:43 Hand Cart
21:14 Town Watch
26:19 Bow Saw
27:04 Heavy Plow
28:06 Iron Casting
27:23 Fletching
27:46 Gold Mining
29:10 Fortified Wall
29:20 Town Patrol
33:19 Imperial Age
30:54 Town Patrol
31:11 Scale Mail Armor
31:17 Scale Barding Armor
31:14 Padded Archer Armor
33:34 Capped Ram
33:34 Onager
35:17 Conscription
35:02 Druzhina
35:20 Bloodlines
37:33 Two-Man Saw
36:55 Chain Mail Armor
37:49 Elite Boyar
39:05 Hoardings
38:38 Heavy Scorpion
41:29 Blast Furnace
40:59 Plate Mail Armor
40:49 Chain Barding Armor
40:51 Caravan
41:55 Siege Ram
43:04 Pikeman
43:44 Squires
Zelroth
9:44 Feudal Age
10:40 Double-Bit Axe
14:45 Castle Age
15:53 Gold Mining
18:09 Scale Mail Armor
18:20 Forging
18:21 Scale Barding Armor
24:40 Iron Casting
27:01 Chain Barding Armor
30:31 Fletching
35:51 Bow Saw
35:31 Stone Mining
35:21 Horse Collar
39:39 Heavy Plow
711WasAPartTimeJob
5:36 Loom
7:35 Feudal Age
12:53 Castle Age
11:11 Scale Mail Armor
11:28 Double-Bit Axe
11:37 Horse Collar
12:57 Forging
18:29 Chain Mail Armor
20:20 Iron Casting
22:03 Heavy Plow
22:15 Bow Saw
23:18 Wheelbarrow
22:28 Town Watch
23:37 Arson
23:52 Squires
28:07 Imperial Age
26:11 Fletching
30:00 Blast Furnace
29:38 Plate Mail Armor
28:39 Capped Ram
30:29 Elite Teutonic Knight
31:40 Gold Mining
32:10 Hand Cart
32:18 Conscription
32:11 Bodkin Arrow
34:55 Ballistics
39:19 Scale Barding Armor
38:52 Cavalier
40:15 Bloodlines
41:43 Chain Barding Armor
43:25 Plate Barding Armor
bambino.dolphino
8:25 Feudal Age
9:01 Double-Bit Axe
9:00 Horse Collar
14:58 Castle Age
18:12 Bow Saw
18:21 Squires
17:41 Pikeman
24:34 Elite Skirmisher
28:13 Padded Archer Armor
28:04 Fletching
30:37 Thumb Ring
30:31 Bodkin Arrow
35:30 Loom
36:48 Murder Holes
38:21 Leather Archer Armor
42:03 Husbandry
Bertinos
8:40 Feudal Age
12:25 Castle Age
12:05 Double-Bit Axe
13:59 Bow Saw
19:12 Gold Mining
19:18 Horse Collar
22:57 Scale Barding Armor
25:18 Elite Skirmisher
31:55 Imperial Age
30:01 Wheelbarrow
29:12 Town Watch
31:50 Ballistics
31:43 Fortified Wall
32:39 Heavy Plow
34:21 Chemistry
33:17 Fletching
33:48 Chain Barding Armor
33:40 Forging
33:52 Conscription
Angusjack
8:38 Feudal Age
13:40 Castle Age
11:33 Double-Bit Axe
11:30 Horse Collar
13:44 Gold Mining
15:53 Bow Saw
17:13 Heavy Plow
16:38 Crossbowman
JebusLorenzo
8:50 Feudal Age
10:22 Double-Bit Axe
13:14 Castle Age
10:56 Horse Collar
16:24 Wheelbarrow
16:58 Stone Mining
20:26 Fletching
25:34 Bow Saw
25:27 Heavy Plow
27:01 Bodkin Arrow
32:00 Imperial Age
30:32 Scale Barding Armor
30:37 Forging
30:20 Vendel Legacy
32:09 Hand Cart
32:56 Chain Barding Armor
33:11 Iron Casting
32:35 Town Watch
32:46 Gold Mining
33:31 Stone Shaft Mining
34:19 Plate Barding Armor
33:41 Cavalier
34:32 Bloodlines
34:23 Heavy Scorpion
37:15 Ballistics
37:55 Chemistry
38:07 Blast Furnace
38:09 Bracer
Connection lost

Rejoining the realm…

Still unreachable

The connection could not be restored.

Session expired

The server has moved on; the page needs a fresh start.